 Dungeon Crawl Stone Soup version 0.21-a0-536-gdbbf329 (webtiles) character file.

518 tidbits the Digger (level 7, 44/50 HPs)
             Began as a Gnoll Earth Elementalist on Dec 15, 2017.
             Quit the game in the Ecumenical Temple.
             The game lasted 00:11:57 (1246 turns).

tidbits the Digger (Gnoll Earth Elementalist)       Turns: 1246, Time: 00:11:58

Health: 44/50      AC:  4    Str: 11    XL:     7   Next: 21%
Magic:  15/15      EV: 15    Int: 19    God:
Gold:   227        SH:  0    Dex: 15    Spells: 11/17 levels left

rFire    . . .     SeeInvis .   a - +4 dagger
rCold    . . .     Gourm    .   (no shield)
rNeg     . . .     Faith    .   B - +2 robe {Archmagi}
rPois    .         Spirit   .   (no helmet)
rElec    .         Reflect  .   (no cloak)
rCorr    .         Harm     .   (no gloves)
MR       .....                  (no boots)
Stlth    +++.......             (no amulet)
HPRegen  0.16/turn              (no ring)
MPRegen  0.14/turn              (no ring)

@: no status effects
A: distributed training, fangs 1, strong nose
a: no special abilities


You were in the Ecumenical Temple.
You were hungry.

You visited 2 branches of the dungeon, and saw 8 of its levels.

You collected 227 gold pieces.

Inventory:

Hand Weapons
 a - a +4 dagger (weapon)
 b - a +0 blowgun
 o - a +0 whip of venom
   (You found it on level 2 of the Dungeon)
 x - a +0 scimitar
 y - a +0 morningstar
Missiles
 j - 27 sling bullets
 k - 6 tomahawks
 l - 48 arrows
 u - a stone (quivered)
Armour
 d - a +0 robe
 v - a +0 ring mail of magic resistance
   (You found it on level 6 of the Dungeon)
 B - a +2 robe of the Archmagi (worn)
   (You took it off Blork the orc on level 6 of the Dungeon)
Scrolls
 g - 2 scrolls of enchant armour {unknown}
 h - 2 scrolls of amnesia {unknown}
 i - a scroll of holy word {unknown}
 n - 5 scrolls of identify {unknown}
 q - a scroll of random uselessness {unknown}
 r - a scroll of silence {unknown}
 w - a scroll of teleportation {unknown}
Potions
 m - a potion of mutation {unknown}
 s - a potion of agility {unknown}
 t - a potion of flight {unknown}
 z - a potion of heal wounds
Books
 e - a book of Geomancy

   Spells                             Type                      Level
   a - Sandblast                      Earth                        1
   b - Passwall                       Transmutation/Earth          2
   c - Stone Arrow                    Conjuration/Earth            3
   d - Petrify                        Transmutation/Earth          4
   e - Lee's Rapid Deconstruction     Earth                        5
Comestibles
 c - 2 bread rations
 f - a meat ration
 p - 2 fruits


   Skills:
 + Level 2.3 Fighting
 + Level 2.3 Short Blades
 + Level 2.3 Long Blades
 + Level 2.3 Axes
 + Level 2.3 Maces & Flails
 + Level 2.3 Polearms
 + Level 2.3 Staves
 + Level 2.3 Slings
 + Level 2.3 Bows
 + Level 2.3 Crossbows
 + Level 2.3 Throwing
 + Level 2.3 Armour
 + Level 5.1 Dodging
 + Level 4.8 Stealth
 + Level 2.3 Shields
 + Level 2.3 Unarmed Combat
 + Level 5.5 Spellcasting
 + Level 1.8 Conjurations
 + Level 1.8 Hexes
 + Level 1.8 Charms
 + Level 1.8 Summonings
 + Level 1.8 Necromancy
 + Level 1.8 Translocations
 + Level 2.8 Transmutations
 + Level 1.8 Fire Magic
 + Level 1.8 Ice Magic
 + Level 1.8 Air Magic
 + Level 5.8 Earth Magic
 + Level 1.8 Poison Magic
 + Level 2.5 Invocations
 + Level 2.3 Evocations


You had 11 spell levels left.
You knew the following spells:

 Your Spells              Type           Power        Failure   Level  Hunger
a - Sandblast             Erth           #####.       1%          1    None
t - Stone Arrow           Conj/Erth      ####..       8%          3    ##.....
w - Passwall              Tmut/Erth      ####......   3%          2    None


Dungeon Overview and Level Annotations

Branches:
Dungeon (7/15)             Temple (1/1) D:5

Altars:
Ashenzari
Dithmenos
Fedhas
Gozag
Hepliaklqana
Kikubaaqudgha
Nemelex Xobeh
Okawaru
Qazlal
Sif Muna
Trog
Uskayaw
Vehumet
Wu Jian
Yredelemnul
Zin
The Shining One

Annotations:
D:5 exclusion: upstairs


Innate Abilities, Weirdness & Mutations

Your experience applies equally to all skills.
You have very sharp teeth.
Your uncanny sense of smell can sniff out nearby items.


Message History

u - 7 stones
Items here: )) [ † a hand axe; a scale mail; a morningstar; an orc corpse
Casting: Sandblast
Confirm with . or Enter, or press ? or * to list all spells.
Aiming: Sandblast
Press: ? - help, Shift-Dir - straight line, f - orc
Aim: an orc, wielding a hand axe You feel a surge of power!
The blast of sand hits the orc.
You kill the orc!
u - 6 stones
y - a morningstar You see here a dagger.
You see here a hand axe.
Casting: Sandblast
Confirm with . or Enter, or press ? or * to list all spells.
Which direction?
You feel a surge of power!
You begin to meditate on the wall.
You continue meditating on the rock. x3
You finish merging with the rock.
Found a potion of degeneration.
Unknown command.
You see here a potion of degeneration.
Found 16 arrows.
A sky beast comes into view.
There are no items here.
Casting: Passwall
Confirm with . or Enter, or press ? or * to list all spells.
Aiming: Sandblast
Press: ? - help, Shift-Dir - straight line, f - sky beast
Aim: a sky beast You feel a surge of power!
The blast of sand hits the sky beast.
The sky beast is heavily wounded.
u - 5 stones The sky beast closely misses you.
Casting: Sandblast
Confirm with . or Enter, or press ? or * to list all spells.
Aiming: Sandblast
Press: ? - help, Shift-Dir - straight line, f/p - sky beast
Aim: a sky beast (heavily wounded)
You feel a surge of power!
The blast of sand misses the sky beast.
u - 4 stones The sky beast barely misses you.
Casting: Sandblast
Confirm with . or Enter, or press ? or * to list all spells.
Aiming: Sandblast
Press: ? - help, Shift-Dir - straight line, f/p - sky beast
Aim: a sky beast (heavily wounded)
You feel a surge of power!
The blast of sand hits the sky beast.
The sky beast is severely wounded.
u - 3 stones The sky beast hits you.
The sky beast shocks you.
Casting: Sandblast
Confirm with . or Enter, or press ? or * to list all spells.
Aiming: Sandblast
Press: ? - help, Shift-Dir - straight line, f/p - sky beast
Aim: a sky beast (severely wounded)
You feel a surge of power!
The blast of sand hits the sky beast.
You kill the sky beast!
You feel your intelligence returning.
u - 2 stones You see here 16 arrows.
l - 48 arrows (gained 16)
A leopard gecko comes into view.
Found a staircase to the Ecumenical Temple.
The leopard gecko hisses angrily.
A killer bee comes into view.
There is a staircase to the Ecumenical Temple here.
The leopard gecko bites you.
You climb downwards.
Welcome to the Ecumenical Temple!
Found three altars.
There is a staircase back to the Dungeon here.
Casting: Sandblast
Confirm with . or Enter, or press ? or * to list all spells.
Aiming: Sandblast
Press: ? - help, Shift-Dir - straight line, f - leopard gecko
Aim: a leopard gecko You feel a surge of power!
The blast of sand hits the leopard gecko.
You kill the leopard gecko!
u - a stone
Found an opulent altar of Gozag.
Unknown command.
Unknown command.
Unknown command.
Found a sparkling altar of Nemelex Xobeh.
Found a hide-covered altar of Uskayaw.
Found a glowing golden altar of the Shining One.
Found a shattered altar of Ashenzari.
There is a glowing golden altar of the Shining One here.
Found a stormy altar of Qazlal.
Found an iron altar of Okawaru.
Found a glowing silver altar of Zin and a bloodstained altar of Trog.
Found a blossoming altar of Fedhas.
Found a shadowy altar of Dithmenos.
Found a hazy altar of Hepliaklqana.
You are feeling hungry.
Found an ancient bone altar of Kikubaaqudgha.
There is a hazy altar of Hepliaklqana here.
Are you sure you want to abandon this character and quit the game? (Confirm with "yes".)

#############
#####...........#####
####...................###
#............_..@.........##
......._..........._........###
..............................##
..._......#######......_.......##
.......#### ###............#
.....### ##........... ....##
#...._..... ...## ##.........
...# #.........


There were no monsters in sight!

Vanquished Creatures
  A sky beast (D:5)
  A centaur (D:6)
  A bullfrog (D:6)
  Blork the orc (D:6)
  A scorpion (D:6)
  A centaur skeleton (D:4)
  2 worker ants (D:4)
  3 adders
  An ooze (D:2)
  A worm (D:2)
  2 dart slugs
  4 leopard geckos
  8 orcs
  4 giant cockroaches
  2 hobgoblins
  4 jackals (D:2)
  3 quokkas
  6 bats
  4 frilled lizards
  2 kobolds
  4 rats
56 creatures vanquished.

Notes
Turn   | Place    | Note
-------+----------+-------------------------------------------
     0 | D:1      | tidbits the Gnoll Earth Elementalist began the quest for the Orb.
     0 | D:1      | Reached XP level 1. HP: 13/13 MP: 6/6
    35 | D:2      | Reached skill level 2 in Transmutations
    35 | D:2      | Reached XP level 2. HP: 19/19 MP: 4/7
    41 | D:1      | Learned a level 2 spell: Passwall
   130 | D:2      | Reached skill level 5 in Spellcasting
   130 | D:2      | Reached XP level 3. HP: 25/25 MP: 5/9
   135 | D:2      | Learned a level 3 spell: Stone Arrow
   274 | D:2      | Reached skill level 1 in Invocations
   389 | D:3      | Reached skill level 1 in Fighting
   389 | D:3      | Reached skill level 1 in Short Blades
   389 | D:3      | Reached skill level 1 in Long Blades
   389 | D:3      | Reached skill level 1 in Axes
   389 | D:3      | Reached skill level 1 in Maces & Flails
   389 | D:3      | Reached skill level 1 in Polearms
   389 | D:3      | Reached skill level 1 in Staves
   389 | D:3      | Reached skill level 1 in Slings
   389 | D:3      | Reached skill level 1 in Bows
   389 | D:3      | Reached skill level 1 in Crossbows
   389 | D:3      | Reached skill level 1 in Throwing
   389 | D:3      | Reached skill level 1 in Armour
   389 | D:3      | Reached skill level 1 in Shields
   389 | D:3      | Reached skill level 1 in Unarmed Combat
   389 | D:3      | Reached skill level 1 in Evocations
   439 | D:3      | Reached XP level 4. HP: 32/32 MP: 4/11
   572 | D:4      | Reached skill level 1 in Conjurations
   572 | D:4      | Reached skill level 1 in Hexes
   572 | D:4      | Reached skill level 1 in Charms
   572 | D:4      | Reached skill level 1 in Summonings
   572 | D:4      | Reached skill level 1 in Necromancy
   572 | D:4      | Reached skill level 1 in Translocations
   572 | D:4      | Reached skill level 1 in Fire Magic
   572 | D:4      | Reached skill level 1 in Ice Magic
   572 | D:4      | Reached skill level 1 in Air Magic
   572 | D:4      | Reached skill level 1 in Poison Magic
   607 | D:4      | Reached XP level 5. HP: 11/37 MP: 10/12
   728 | D:5      | Entered Level 5 of the Dungeon
   771 | D:5      | Found a basalt altar of Yredelemnul.
   813 | D:4      | Found a stormy altar of Qazlal.
   966 | D:6      | Noticed a centaur
   981 | D:6      | Noticed Blork the orc
   989 | D:6      | Killed Blork the orc
   989 | D:6      | Reached XP level 6. HP: 37/44 MP: 7/13
  1017 | D:6      | Reached skill level 2 in Invocations
  1043 | D:6      | HP: 1/44 [centaur/arrow (19)]
  1046 | D:6      | Reached skill level 2 in Fighting
  1046 | D:6      | Reached skill level 2 in Short Blades
  1046 | D:6      | Reached skill level 2 in Long Blades
  1046 | D:6      | Reached skill level 2 in Axes
  1046 | D:6      | Reached skill level 2 in Maces & Flails
  1046 | D:6      | Reached skill level 2 in Polearms
  1046 | D:6      | Reached skill level 2 in Staves
  1046 | D:6      | Reached skill level 2 in Slings
  1046 | D:6      | Reached skill level 2 in Bows
  1046 | D:6      | Reached skill level 2 in Crossbows
  1046 | D:6      | Reached skill level 2 in Throwing
  1046 | D:6      | Reached skill level 2 in Armour
  1046 | D:6      | Reached skill level 5 in Dodging
  1046 | D:6      | Reached skill level 2 in Shields
  1046 | D:6      | Reached skill level 2 in Unarmed Combat
  1046 | D:6      | Reached skill level 2 in Evocations
  1140 | D:5      | Reached XP level 7. HP: 37/50 MP: 10/15
  1189 | D:5      | Found a staircase to the Ecumenical Temple.
  1196 | Temple   | Entered the Ecumenical Temple
  1246 | Temple   | Quit the game

Vault maps used:
D:1:      mushboom_english_gardens, minmay_octomino_j4
D:2:      first_bread, doesnt_xom_only_xom
D:3:      grunt_ministairs_3
D:4:      lemuel_upstairs_altar, uniq_crazy_yiuf_cottage
D:5:      grunt_temple_overflow_champion_of_chaos, kennysheep_ying_yang,
          temple_statues, hex_medium, guppyfry_shop_venom
D:6:      cheibrodos_steamvent, serial_shops, nicolae_shop_overgrown_old_shop,
          roderic_roman_lattice, uniq_blork_the_orc, uniq_pikel
D:7:      kennysheep_little_box, basic_altar, enter_bailey_2
Temple:   compressed_dpeg_circular_temple

Skill      XL: |  1  2  3  4  5  6 |
---------------+-------------------+-----
Transmutations | 2 |  2.8
Spellcasting   | 5 |  5.5
Invocations    | 1 2 |  2.5
Fighting       | 1 2 |  2.3
Short Blades   | 1 2 |  2.3
Long Blades    | 1 2 |  2.3
Axes           | 1 2 |  2.3
Maces & Flails | 1 2 |  2.3
Polearms       | 1 2 |  2.3
Staves         | 1 2 |  2.3
Slings         | 1 2 |  2.3
Bows           | 1 2 |  2.3
Crossbows      | 1 2 |  2.3
Throwing       | 1 2 |  2.3
Armour         | 1 2 |  2.3
Shields        | 1 2 |  2.3
Unarmed Combat | 1 2 |  2.3
Evocations     | 1 2 |  2.3
Conjurations   | 1 |  1.8
Hexes          | 1 |  1.8
Charms         | 1 |  1.8
Summonings     | 1 |  1.8
Necromancy     | 1 |  1.8
Translocations | 1 |  1.8
Fire Magic     | 1 |  1.8
Ice Magic      | 1 |  1.8
Air Magic      | 1 |  1.8
Poison Magic   | 1 |  1.8
Dodging        | 5 |  5.1
Stealth        | |  4.8
Earth Magic    | |  5.8

Action                   |  1- 3 |  4- 6 |  7- 9 || total
-------------------------+-------+-------+-------++-------
Melee: Dagger            |    32 |    69 |       ||   101
       Bite              |     3 |     6 |       ||     9
       Unarmed           |       |     8 |       ||     8
 Cast: Sandblast         |    26 |    19 |     7 ||    52
       Passwall          |     4 |     6 |     1 ||    11
  Use: Potion            |       |     7 |       ||     7
 Stab: Sleeping          |     5 |     1 |       ||     6
  Eat: Fruit             |       |     1 |       ||     1
Armor: Robe              |     7 |     4 |       ||    11
       Skin              |       |     7 |       ||     7
Dodge: Dodged            |    20 |    64 |     2 ||    86

Table legend:
 A = Spawn XP
 B = Non-spawn XP
 C = Spawn XP percentage of total XP
 D = Spawn monster count
 E = Non-spawn monster count
 F = Spawn count percentage of total count
 G = Total turns spent on level
                    A         B        C        D         E        F      G
               +---------+---------+-------+---------+---------+-------+---------
         Total |       0 |     740 |   0.0 |       0 |      56 |   0.0 |  1246
               +---------+---------+-------+---------+---------+-------+---------
           D:1 |       0 |      11 |   0.0 |       0 |       6 |   0.0 |    95
           D:2 |       0 |      56 |   0.0 |       0 |      19 |   0.0 |   285
           D:3 |       0 |      40 |   0.0 |       0 |      14 |   0.0 |   161
           D:4 |       0 |     126 |   0.0 |       0 |       7 |   0.0 |   201
           D:5 |       0 |     129 |   0.0 |       0 |       5 |   0.0 |   148
           D:6 |       0 |     375 |   0.0 |       0 |       4 |   0.0 |   228
        Temple |       0 |       3 |   0.0 |       0 |       1 |   0.0 |    50
               +---------+---------+-------+---------+---------+-------+---------

Table legend:
 A = Turns spent in this place as a percentage of turns spent in the entire game.
 B = Non-inter-level travel turns spent in this place as a percentage of non-inter-level travel turns spent in the entire game.
 C = Inter-level travel turns spent in this place as a percentage of turns spent in this place.
 D = Turns resting spent in this place as a percentage of non-inter-level travel turns spent in this place.
 E = Turns spent auto-exploring this place as a percentage of non-inter-level travel turns spent in this place.
 F = Non-inter-level travel turns spent in this place divided by the number of levels of this place that you've seen.
                   A       B       C       D       E      F
               +-------+-------+-------+-------+-------+----------------------
         Total | 100.0 | 100.0 |   0.0 |   0.0 |   0.0 | 155.8
       Dungeon |  96.0 |  96.0 |   0.0 |   0.0 |   0.0 | 170.9
        Temple |   4.0 |   4.0 |   0.0 |   0.0 |   0.0 |  50.0
               +-------+-------+-------+-------+-------+----------------------

Table legend:
 A = Kills in this place as a percentage of kills in entire the game.
 B = Kills by you in this place as a percentage of kills by you in the entire game.
 C = Kills by friends in this place as a percentage of kills by friends in the entire game.
 D = Other kills in this place as a percentage of other kills in the entire game.
 E = Experience gained in this place as a percentage of experience gained in the entire game.
 F = Experience gained in this place divided by the number of levels of this place that you have seen.
                   A       B       C       D       E      F
               +-------+-------+-------+-------+-------+----------------------
         Total | 100.0 | 100.0 |   N/A |   N/A | 100.0 |  92.5
       Dungeon |  98.2 |  98.2 |   N/A |   N/A |  99.6 | 105.3
        Temple |   1.8 |   1.8 |   N/A |   N/A |   0.4 |   3.0
               +-------+-------+-------+-------+-------+----------------------

Vault maps used:
D:1:      mushboom_english_gardens, minmay_octomino_j4
D:2:      first_bread, doesnt_xom_only_xom
D:3:      grunt_ministairs_3
D:4:      lemuel_upstairs_altar, uniq_crazy_yiuf_cottage
D:5:      grunt_temple_overflow_champion_of_chaos, kennysheep_ying_yang,
          temple_statues, hex_medium, guppyfry_shop_venom
D:6:      cheibrodos_steamvent, serial_shops, nicolae_shop_overgrown_old_shop,
          roderic_roman_lattice, uniq_blork_the_orc, uniq_pikel
D:7:      kennysheep_little_box, basic_altar, enter_bailey_2
Temple:   compressed_dpeg_circular_temple
